 Dungeon Crawl Stone Soup version 0.28.0 (webtiles) character file.

Game seed: 14400590804779394394

23893 trckry the Summoner (level 13, -7/101 HPs)
             Began as a Barachi Summoner on Feb 13, 2022.
             Was an Initiate of Ru.
             Mangled by a gargoyle (14 damage)
             ... in a Gauntlet.
             The game lasted 01:11:47 (17047 turns).

trckry the Summoner (Barachi Summoner)             Turns: 17047, Time: 01:11:47

Health: -7/101     AC: 10    Str:  9    XL:     13   Next: 9%
Magic:  21/36      EV: 15    Int: 27    God:    Ru [......]
Gold:   634        SH:  0    Dex: 13    Spells: 23/32 levels left

rFire   . . .      SeeInvis .   G - +8 quarterstaff of the Moon {flame, *Noise rC+ rCorr}
rCold   + + .      Faith    .   (shield currently unavailable)
rNeg    . . .      Spirit   .   x - +1 robe {rC+}
rPois   +          Reflect  .   k - +0 helmet
rElec   .          Harm     .   P - +1 cloak {rPois}
rCorr   +          Rampage  .   f - +0 pair of gloves
Will    .....      NoTele   +   A - +0 pair of boots
Stlth   +.........              F - amulet of regeneration
HPRegen 1.06/turn               B - +6 ring of intelligence
MPRegen 0.25/turn               E - ring of magical power

@: confused, ambrosia-drunk, unable to hop, invisible, slow
A: amphibious, slowness 1, strong legs 2, +LOS
a: Hop, Renounce Religion


You were in a Gauntlet.
You worshipped Ru.
Ru was noncommittal.
You visited 5 branches of the dungeon, and saw 17 of its levels.
You also visited: Sewer and Gauntlet.

You collected 634 gold pieces.

Inventory:

Hand Weapons
 j - a +2 dagger of venom
 G - the +8 quarterstaff of the Moon (weapon) {flame, *Noise rC+ rCorr}
   (You found it on level 8 of the Dungeon)

   It burns those it strikes, dealing additional fire damage.
   rC:        It protects you from cold.
   *Noise:    It may make noises in combat.
   rCorr:     It protects you from acid and corrosion.
Missiles
 l - 23 poisoned darts (quivered)
 H - 4 throwing nets
Armour
 f - a +0 pair of gloves (worn)
 k - a +0 helmet (worn)
 x - a +1 robe of cold resistance (worn)
 A - a +0 pair of boots (worn)
 P - a +1 cloak of poison resistance (worn)
Magical Staves
 v - a staff of conjuration
Jewellery
 B - a +6 ring of intelligence (left hand)
 E - a ring of magical power (right hand)
 F - an amulet of regeneration (around neck)
Wands
 z - a wand of charming (13)
 L - a wand of iceblast (4)
 M - a wand of polymorph (2)
Scrolls
 e - 4 scrolls of identify
 g - 4 scrolls of teleportation
 h - 2 scrolls of fog
 i - a scroll of enchant armour
 o - 2 scrolls of torment
 p - 2 scrolls of enchant weapon
 q - a scroll of amnesia
 r - 2 scrolls of vulnerability
 D - a scroll of summoning
 K - a scroll of blinking {unknown}
Potions
 a - a potion of mutation
 b - 4 potions of resistance
 c - 3 potions of cancellation
 d - 2 potions of lignification
 m - a potion of attraction
 n - a potion of berserk rage
 s - 3 potions of curing
 t - 2 potions of magic
 u - a potion of brilliance
 w - 2 potions of flight
 C - a potion of might
 I - a potion of haste
 N - a potion of invisibility
 O - a potion of heal wounds {unknown}
 Q - a potion of experience {unknown}


   Skills:
 + Level 9.4 Fighting
 + Level 8.1 Staves
 - Level 8.0 Armour
 - Level 8.0 Dodging
 - Level 2.0 Stealth
 + Level 10.1 Spellcasting
 + Level 4.3 Conjurations
 - Level 12.0 Summonings
 - Level 4.0 Air Magic
 - Level 8.0 Evocations


You had 23 spell levels left.
You knew the following spells:

 Your Spells              Type           Power      Damage    Failure   Level
b - Call Imp              Summ           68%        N/A       1%          2
c - Call Canine Familiar  Summ           68%        N/A       1%          3
d - Summon Lightning Spi  Summ/Air       54%        N/A       1%          4

Your spell library contained the following spells:

 Spells                   Type           Power      Damage    Failure   Level
 Summon Small Mammal      Summ           100%       N/A       1%          1
 Summon Guardian Golem    Hex/Summ       46%        N/A       1%          3
 Freeze                   Ice            52%        1d7       4%          1
 Ensorcelled Hibernation  Hex/Ice        26%        N/A       6%          2
 Portal Projectile        Hex/Tloc       26%        N/A       13%         3
 Tukima's Dance           Hex            13%        N/A       13%         3
 Leda's Liquefaction      Hex/Erth       6%         N/A       38%         4
 Passage of Golubria      Tloc           13%        N/A       38%         4
 Yara's Violent Unravell  Hex/Tmut       6%         3d5       75%         5
 Spellforged Servitor     Conj/Summ      27%        N/A       77%         7
 Haunt                    Necr/Summ      23%        N/A       97%         7
 Orb of Destruction       Conj           18%        9d8       99%         7
 Polar Vortex             Ice            6%         N/A       100%        9


Dungeon Overview and Level Annotations

Branches:
Dungeon (10/15)            Temple (1/1) D:7            Lair (4/6) D:10
  Swamp (1/4) Lair:3        Snake (1/4) Lair:3        Sewer (visited)
Gauntlet (1/1)
    Orc: D:9-12

Altars:
Ashenzari
Cheibriados
Dithmenos
Elyvilon
Fedhas
Gozag
Hepliaklqana
Kikubaaqudgha
Makhleb
Nemelex Xobeh
Okawaru
Qazlal
Ru
Sif Muna
Trog
Uskayaw
Vehumet
Wu Jian
Xom
Yredelemnul
Zin
The Shining One

Shops:
D:6 [   D:8 *

Annotations:
D:6 electric eels
Lair:3 3 runed translucent doors, Deesahac's ghost, journeyman BaFi Gauntlet 15 transporters


Innate Abilities, Weirdness & Mutations

You are amphibious.
You cover ground slowly.
You can hop long distances.
You have an extended range of vision and can be seen from far away.


Message History

Your warg is engulfed in calcifying dust.
Your warg is moving more slowly.
A blast of calcifying dust appears from out of your range of vision.
The blast of calcifying dust hits your warg!
Your warg dies!
Your warg's corpse disappears in a puff of smoke!
Casting: Summon Lightning Spire (mildly dangerous; 1% risk of failure)
Confirm with . or Enter, or press ? or * to list all spells.
You hear a bellow!
Something hits your white imp!
Your white imp dies!
Your white imp disappears in a puff of smoke!
You barely miss the catoblepas.
The catoblepas is almost dead.
Your warg is engulfed in calcifying dust.
Your warg is moving more slowly.
Your warg bites the catoblepas!
The catoblepas breathes a plume of calcifying dust at you.
The blast of calcifying dust hits you but does no damage.
Okay, then.
Unknown command.
Your warg is engulfed in calcifying dust.
Your warg stops moving altogether!
The catoblepas gores you!!
* * * LOW HITPOINT WARNING * * *
Your warg is engulfed in calcifying dust.
Okay, then.
Okay, then.
Okay, then.
It was a potion of invisibility.
You fade into invisibility!
The catoblepas misses you.
Your warg is engulfed in calcifying dust.
The gargoyle hits you but does no damage.
It was a potion of ambrosia.
You are confused.
You feel invigorated. The catoblepas gores you!!
* * * LOW HITPOINT WARNING * * *
The gargoyle hits you with a +0 mace!
You die...

#######.∩.###################
...........................≈#
........©...................###
##.###########.###########..#8#
##.#.........#.#.......Y§#..###
.#.#.........#.#.#.#.#.#.#....#
.#.#.#######.#.#.9#.#.#§§#....###
.#.##.#.#.#.##.#9#.#.#.#.###..#8#
5#.#....©....#.#@Y#.©.#.©#©#..###
5#.#.#^#.#.#.#.#h#8#.#.#)#.#..#
5#.#.#######^#.#..#.#.#..#.#..###
p#.#.^.....^.#.#.#.#.#.#.#.#..#8#
##.#...[©....#.#.........#.#..###
##########################.#.....
........©.........©#≈≈8§≈#.#.....
##########################.######
..©#≈≈≈§8§≈≈≈#©...........©......


You could see a catoblepas (ally target), 2 gargoyles, a friendly warg
(summoned, petrified) and a friendly lightning spire (summoned).

Vanquished Creatures
  An ugly thing (D:9)
  A black mamba (Lair:3)
  5 cane toads
  5 komodo dragons
  4 blink frogs
  2 dream sheep (Lair:3)
  A spriggan (D:7)
  A ynoxinul (Gauntlet)
  4 wyverns
  15 yaks
  A steam dragon (D:4)
  An acid dragon (D:10)
  5 water moccasins
  Duvessa (D:5)
  An orc warrior (D:8)
  A black bear (D:5)
  A centaur (D:8)
  An ogre (D:6)
  6 wolves
  2 bullfrogs
  A water moccasin skeleton (D:7)
  Dowan (D:5)
  2 wights (D:8)
  2 vampire bats (D:6)
  A centaur zombie (D:9)
  An orc priest (D:7)
  2 iron imps (Gauntlet)
  An iguana (D:5)
  An adder (D:6)
  2 worms (D:3)
  A dart slug (D:4)
  9 orcs
  A bat zombie (D:6)
  3 giant cockroaches
  A goblin (D:3)
  3 quokkas (D:4)
  2 ball pythons
  4 bats
  2 frilled lizards (D:3)
  A kobold (D:3)
  A rat (D:3)
101 creatures vanquished.

Vanquished Creatures (collateral kills)
  Gastronok (Lair:1)
  Harold (D:9)
  A lindwurm (Lair:3)
  Pikel (D:6)
  A cyclops (D:9)
  2 cane toads
  5 komodo dragons
  A meliai (shapeshifter) (D:9)
  A polar bear (Lair:3)
  2 dream sheep (Lair:3)
  4 blink frogs
  A wyvern (D:9)
  4 basilisks
  22 yaks
  Edmund (D:5)
  3 water moccasins
  An acid dragon (D:8)
  Pargi (Sewer)
  2 orc warriors
  A black bear (Lair:1)
  A sky beast (D:6)
  12 wolves
  2 centaurs
  A phantom (D:6)
  3 kobold brigands
  3 bullfrogs
  3 lemures (D:6)
  3 scorpions
  A water moccasin zombie (D:7)
  9 wights
  An electric eel (D:6)
  A howler monkey (D:7)
  2 bullfrog zombies
  A centaur zombie (D:5)
  3 jellies
  A bullfrog skeleton (D:6)
  An orc priest (D:5)
  Crazy Yiuf (D:5)
  A centaur skeleton (D:4)
  2 iron imps (Gauntlet)
  2 iguanas
  3 orc wizards
  A hound zombie (D:5)
  A howler monkey zombie (D:5)
  A howler monkey skeleton (D:7)
  3 gnolls (D:2)
  11 adders
  An adder skeleton (D:4)
  6 worms (D:3)
  2 dart slugs
  14 orcs
  7 ball pythons
  5 bats
  A bat skeleton (D:6)
  2 bat zombies (D:6)
  8 endoplasms
  2 giant cockroaches
  5 goblins
  2 hobgoblins
  2 jackals (D:1)
  9 kobolds
  6 quokkas
  2 frilled lizards
  5 rats
209 creatures vanquished.

Vanquished Creatures (others)
  7 fungi
  52 plants
59 creatures vanquished.

Grand Total: 369 creatures vanquished

Notes
Turn   | Place    | Note
-------+----------+-------------------------------------------
     0 | D:1      | trckry the Barachi Summoner began the quest for the Orb.
     0 | D:1      | Reached XP level 1. HP: 13/13 MP: 3/3
   251 | D:1      | Reached XP level 2. HP: 20/20 MP: 1/5
   387 | D:1      | Reached skill level 1 in Fighting
   387 | D:1      | Reached skill level 5 in Summonings
   706 | D:1      | Learned a level 2 spell: Call Imp
  1144 | D:1      | Reached XP level 3. HP: 26/26 MP: 3/6
  1245 | D:1      | Learned a level 3 spell: Call Canine Familiar
  1355 | D:2      | Reached XP level 4. HP: 29/33 MP: 4/8
  1360 | D:2      | Reached skill level 1 in Armour
  1786 | D:2      | Reached XP level 5. HP: 28/39 MP: 6/9
  2236 | D:2      | Found a faded altar of an unknown god.
  2863 | D:2      | Learned a level 4 spell: Summon Lightning Spire
  3388 | D:3      | Found an iron altar of Okawaru.
  3388 | D:3      | Found a radiant altar of Vehumet.
  3689 | D:4      | Reached skill level 1 in Air Magic
  3689 | D:4      | Reached XP level 6. HP: 47/47 MP: 8/11
  3763 | D:4      | Found a glowing drain.
  3794 | Sewer    | Entered a sewer
  3862 | Sewer    | Noticed Pargi
  3898 | Sewer    | Killed Pargi
  4286 | D:4      | Reached skill level 6 in Summonings
  4286 | D:4      | Reached XP level 7. HP: 48/52 MP: 8/12
  4340 | D:4      | Noticed a steam dragon
  4357 | D:4      | HP: 7/52 [steam dragon/ball of steam (11)]
  4358 | D:4      | Killed a steam dragon
  4844 | D:5      | Entered Level 5 of the Dungeon
  4961 | D:5      | Found a shimmering altar of Xom.
  4962 | D:5      | Found a shimmering altar of Xom.
  4962 | D:5      | Found a shimmering altar of Xom.
  4963 | D:5      | Found a shimmering altar of Xom.
  4964 | D:5      | Found a shimmering altar of Xom.
  5387 | D:5      | Noticed Edmund
  5421 | D:5      | Killed Edmund
  5422 | D:5      | Reached XP level 8. HP: 56/61 MP: 6/14
  5543 | D:5      | Noticed Duvessa
  5560 | D:5      | Killed Duvessa
  5564 | D:5      | Noticed Dowan
  5579 | D:5      | Killed Dowan
  5757 | D:5      | HP: 9/61 [orc priest/divine providence (12)]
  5762 | D:5      | Reached skill level 5 in Fighting
  6038 | D:5      | Got Xanarym's Collected Works on Ghastly Ice
  6173 | D:5      | Found a runed translucent door.
  6174 | D:5      | Noticed Crazy Yiuf
  6371 | D:5      | Killed Crazy Yiuf
  6372 | D:5      | Reached skill level 5 in Dodging
  6620 | D:6      | Reached skill level 7 in Summonings
  6820 | D:6      | Reached skill level 5 in Armour
  6842 | D:6      | Noticed Pikel
  6861 | D:6      | Reached skill level 5 in Spellcasting
  6862 | D:6      | HP: 9/63 [Pikel (2)]
  6864 | D:6      | Killed Pikel
  6865 | D:6      | Reached XP level 9. HP: 11/69 MP: 7/17
  7220 | D:6      | Found an ancient bone altar of Kikubaaqudgha.
  7375 | D:6      | Found Lyaz's Armour Boutique.
  7473 | D:6      | Reached skill level 8 in Summonings
  8980 | D:7      | Found a staircase to the Ecumenical Temple.
  9137 | Temple   | Entered the Ecumenical Temple
  9913 | D:7      | Found a shadowy altar of Dithmenos.
 10524 | D:8      | Reached XP level 10. HP: 79/79 MP: 12/19
 10726 | D:8      | Reached skill level 9 in Summonings
 10931 | D:8      | Identified the +8 quarterstaff of the Moon {flame, *Noise
                  | rC+ rCorr}
 11122 | D:8      | Found a hazy altar of Hepliaklqana.
 11253 | D:8      | Found Upsen's Assorted Antiques.
 11419 | D:8      | Found an opulent altar of Gozag.
 11419 | D:8      | Found a sparkling altar of Nemelex Xobeh.
 11576 | D:9      | Reached skill level 1 in Staves
 11598 | D:9      | Found a basalt altar of Yredelemnul.
 11599 | D:9      | Found a bloodstained altar of Trog.
 11599 | D:9      | Found a white marble altar of Elyvilon.
 11599 | D:9      | Found a sacrificial altar of Ru.
 11606 | D:9      | Reached skill level 1 in Evocations
 11621 | D:9      | Became a worshipper of Ru the Awakened
 11936 | D:9      | Found a snail-covered altar of Cheibriados.
 12227 | D:9      | Noticed Harold
 12229 | D:9      | Noticed a cyclops
 12255 | D:9      | Noticed a white ugly thing
 12262 | D:9      | Killed Harold
 12263 | D:9      | Killed a cyclops
 12264 | D:9      | Reached XP level 11. HP: 60/86 MP: 0/22
 12274 | D:9      | Killed a white ugly thing
 12275 | D:9      | Reached skill level 10 in Summonings
 12650 | D:10     | Entered Level 10 of the Dungeon
 13314 | D:10     | Found a staircase to the Lair.
 13492 | Lair:1   | Entered Level 1 of the Lair of Beasts
 13504 | Lair:1   | Reached skill level 5 in Evocations
 13607 | D:10     | Reached skill level 5 in Staves
 13751 | Lair:1   | Noticed Gastronok
 13874 | D:10     | Reached skill level 11 in Summonings
 13949 | Lair:1   | Killed Gastronok
 13950 | Lair:1   | Reached XP level 12. HP: 91/92 MP: 16/24
 14881 | Lair:2   | Reached skill level 1 in Conjurations
 15573 | Lair:3   | Reached skill level 12 in Summonings
 15642 | Lair:3   | Found a staircase to the Snake Pit.
 15696 | Lair:3   | Found a runed translucent gate.
 15696 | Lair:3   | Found a runed translucent gate.
 15696 | Lair:3   | Found a runed translucent gate.
 15696 | Lair:3   | Noticed Deesahac's ghost (journeyman BaFi)
 15699 | Lair:3   | Found a staircase to the Swamp.
 16036 | Lair:3   | Gained mutation: You can hop long distances. [Barachi
                  | growth]
 16036 | Lair:3   | Reached XP level 13. HP: 90/101 MP: 26/26
 16045 | Lair:3   | Reached skill level 10 in Spellcasting
 16148 | Lair:3   | Identified the +8 mace of Mayhem {drain, Fragile rN+++
                  | Int+2 Stlth+}
 16413 | Snake:1  | Entered Level 1 of the Snake Pit
 16429 | Swamp:1  | Entered Level 1 of the Swamp
 16463 | Lair:4   | Found a gate leading to a gauntlet.
 16548 | Gauntlet | Entered a Gauntlet
 16548 | Gauntlet | Found a transporter.
 16556 | Gauntlet | Found a transporter.
 16571 | Gauntlet | Found a transporter.
 16574 | Gauntlet | Noticed a great orb of eyes
 16576 | Gauntlet | Found a transporter.
 16591 | Gauntlet | Found a transporter.
 16610 | Gauntlet | Found a transporter.
 16622 | Gauntlet | Found a transporter.
 16630 | Gauntlet | Found a transporter.
 16645 | Gauntlet | Found a transporter.
 16651 | Gauntlet | Found a transporter.
 16664 | Gauntlet | Found a transporter.
 16676 | Gauntlet | Found a transporter.
 16696 | Gauntlet | Found a transporter.
 16710 | Gauntlet | Found a transporter.
 16712 | Gauntlet | Found a transporter.
 16739 | Gauntlet | Found a transporter.
 16759 | Gauntlet | Found a transporter.
 16851 | Gauntlet | Found a transporter.
 17047 | Gauntlet | HP: 7/101 [catoblepas (27)]
 17047 | Gauntlet | Mangled by a gargoyle

Illustrated notes

Levels and vault maps discovered:
D:1:      wander_arrival_abandoned_jail, layout_basic
D:2:      layout_loops_corners, shapermc_ecumenical_altar_totnotflames
D:3:      layout_basic, mainiacjoe_overflow_divided_tiny, nicolae_wormholes
D:4:      layout_loops_ring, gup_sewer_entry_pipe, hex_tiny
D:5:      layout_gridville, xom_redecorated, serial_bayou,
          serial_bayou_lagoon_b, serial_bayou_shore_b, serial_bayou_lagoon_a,
          serial_bayou_pond_c, uniq_duvessa, uniq_edmund,
          uniq_crazy_yiuf_cottage
D:6:      layout_basic, kennysheep_vampire_church, serial_glass,
          glass_columns_a, glass_columns_a, serial_shops, kennysheep_mini_moat,
          kennysheep_boxes, uniq_pikel
D:7:      layout_gridville, mainiacjoe_overflow_paths, minmay_temple_entry_grid,
          hangedman_decor_lopped, the_hattery
D:8:      layout_loops_cross, grunt_temple_overflow_opulence,
          overflow_temple_1_default, serial_shops, nicolae_shop_crystal
D:9:      layout_roguey, chequers_temple_overflow_statue_of_worship,
          mainiacjoe_overflow_brackets, minmay_fractal_squares_gapless_7,
          uniq_harold
D:10:     layout_small_grid, minmay_lair_entry_grove, orc_0_dummy, serial_shops,
          shop, hangedman_decor_riveting
Temple:   jpeg_temple_island
Lair:1:   layout_hall_layers, uniq_gastronok
Lair:2:   layout_misc_corridors, grunt_megastairs_5
Lair:3:   layout_chaotic_city, swamp_mist, dummy_snake_entry,
          ebering_ghost_rock_garden
Lair:4:   layout_big_grid, gauntlet_entry_generic, grunt_megastairs_2,
          uniq_kirke
Swamp:1:  layout_basic_swamp, ebering_ghost_reflecting_pool,
          evilmike_swamp_ruin_rubble_1, swamp_pool5, uniq_josephine
Snake:1:  layout_rooms
Gauntlet: gammafunk_gauntlet_one_two_three [gammafunk_gauntlet_arena_teeth,
          nicolae_gauntlet_arena_x, gammafunk_gauntlet_arena_grid,
          gammafunk_gauntlet_arena_split_x, nicolae_gauntlet_arena_blocks,
          nicolae_gauntlet_arena_quarters, gammafunk_gauntlet_arena_corners,
          gammafunk_gauntlet_arena_crates, gammafunk_gauntlet_arena_spirals,
          nicolae_gauntlet_exit_dead_adventurers]

Skill      XL: |  1  2  3  4  5  6  7  8  9 10 11 12 13 |
---------------+----------------------------------------+-----
Fighting       | 1 2 3 4 5 7 8 9 |  9.4
Summonings     | 5 6 7 8 9 11 12 | 12.0
Armour         | 1 2 3 4 5 6 8 |  8.0
Dodging        | 3 4 5 6 8 |  8.0
Spellcasting   | 3 4 5 6 7 8 9 10 | 10.1
Air Magic      | 1 2 4 |  4.0
Staves         | 3 6 7 8 |  8.1
Evocations     | 3 6 8 |  8.0
Conjurations   | 3 4 |  4.3
Stealth        | 2 |  2.0

Action                   |  1- 3 |  4- 6 |  7- 9 | 10-12 | 13-15 || total
-------------------------+-------+-------+-------+-------+-------++-------
Melee: Dagger            |       |    65 |   132 |     1 |       ||   198
       Punch             |       |     2 |     2 |       |       ||     4
       Quarterstaff      |       |       |     7 |   240 |    33 ||   280
Throw: Dart              |       |       |     9 |     5 |     1 ||    15
 Cast: Summon Small Mamm |    28 |     5 |    13 |     2 |       ||    48
       Call Imp          |     6 |    11 |    25 |    19 |     5 ||    66
       Call Canine Famil |     2 |    21 |    45 |    54 |     7 ||   129
       Summon Lightning  |       |       |     1 |    26 |     8 ||    35
Invok: Reject Sacrifices |       |       |       |     1 |       ||     1
 Abil: Hop               |       |     1 |     6 |    10 |     3 ||    20
Evoke: Wand              |       |       |       |       |     1 ||     1
  Use: Scroll            |       |       |       |    24 |       ||    24
       Potion            |       |       |       |     1 |     2 ||     3
 Stab: Distracted        |       |       |     2 |     6 |       ||     8
Armor: Robe              |    11 |    36 |    62 |    76 |    12 ||   197
Dodge: Dodged            |    29 |    89 |   138 |   192 |    27 ||   475
